 Dungeon Crawl Stone Soup version 0.30-a0-187-gd9c2deaf24 (webtiles) character file.

Game seed: 2725379856638583352

103 IdlyInterested the Firebug (level 4, -1/30 HPs)
             Began as a Demonspawn Wanderer on Oct 3, 2022.
             Splashed by a jelly's acid (6 damage)
             ... on level 3 of the Dungeon.
             The game lasted 00:09:05 (2325 turns).

IdlyInterested the Firebug (Demonspawn Wanderer)    Turns: 2325, Time: 00:09:05

Health: -1/30      AC:  2    Str: 13    XL:     4   Next: 51%
Magic:  7/7        EV: 10    Int: 14    God:
Gold:   100        SH:  0    Dex: 13    Spells: 6/7 levels left

rFire   x . .      SeeInvis .    a - +0 short sword
rCold   + . .      Faith    .    (no shield)
rNeg    . . .      Spirit   .    b - +0 ring mail
rPois   .          Reflect  .    p - +0 helmet
rElec   .          Harm     .    (no cloak)
rCorr   .          Rampage  .    (no gloves)
Will    +....                    (no boots)
Stlth   ..........               (no amulet)
HPRegen 0.25/turn                g - ring of willpower
MPRegen 0.10/turn                (no ring)

@: confused, ambrosia-drunk, corroded, very slightly contaminated
A: powered by death 1, cold resistance 1, frail 1, evolution 1, heat
vulnerability 1
a: no special abilities


You were on level 3 of the Dungeon.
You visited 1 branch of the dungeon, and saw 3 of its levels.

You collected 100 gold pieces.

Inventory:

Hand Weapons
 a - a +0 short sword (weapon)
Armour
 b - a +0 ring mail (worn)
 j - a +0 leather armour
 p - a +0 helmet (worn)
Jewellery
 g - a ring of willpower (left hand)
Scrolls
 d - a scroll of poison
 k - a scroll of teleportation
Potions
 c - 2 potions of attraction
 f - a potion of curing
 h - a potion of resistance
 l - a potion of brilliance {unknown}
 m - a potion of mutation
 n - a potion of flight {unknown}


   Skills:
 * Level 2.8 Fighting
 - Level 2.6 Short Blades
 - Level 1.0 Armour
 + Level 1.6 Stealth
 - Level 2.0 Spellcasting
 * Level 2.1 Conjurations
 - Level 3.0 Fire Magic


You had 6 spell levels left.
You knew the following spells:

 Your Spells              Type           Power      Damage    Failure   Level
a - Foxfire               Conj/Fire      32%        2x1d5     19%         1

Your spell library contained the following spells:

 Spells                   Type           Power      Damage    Failure   Level
 Scorch                   Fire           18%        2d5       22%         2
 Freeze                   Ice            4%         1d3       45%         1
 Hailstorm                Conj/Ice       4%         3d4       69%         3
 Kindle Blastsparks       Fire/Tloc/Air  8%         2d10      69%         3
 Frozen Ramparts          Ice            2%         1d1       83%         3
 Ozocubu's Armour         Ice            1%         N/A       83%         3
 Metabolic Englaciation   Hex/Ice        0%         N/A       100%        5
 Simulacrum               Ice/Necr       0%         N/A       100%        6


Dungeon Overview and Level Annotations

Branches:
Dungeon (3/15)

Altars:
Kikubaaqudgha


Innate Abilities, Weirdness & Mutations

You regenerate a little health from kills.
Your flesh is cold resistant. (rC+)
You are frail. (-10% HP)
You have hidden genetic potential.
You are vulnerable to heat. (rF-)


Message History

Found two goblin skeletons.
Casting: Foxfire (safe; 19% risk of failure)
Press: ? - help, Q - select action Dir - look around, f - activate You conjure some foxfire!
The foxfire hits the jelly.
The jelly is lightly wounded.
Your foxfire dissipates!
Casting: Foxfire (safe; 19% risk of failure)
Press: ? - help, Q - select action Dir - look around, f - activate You conjure some foxfire!
The foxfire hits the jelly.
The jelly is heavily wounded.
You hit the jelly but do no damage.
Your hands burn!
The jelly is heavily wounded.
You hit the jelly but do no damage.
Your hands burn!
The jelly is heavily wounded.
The jelly hits you.
You are splashed with acid!
You hit the jelly. The acid corrodes you!
Your hands burn!
The jelly is severely wounded.
The jelly hits you but does no damage.
Your foxfire dissipates!
Things that are here:
a +0 short sword; 3 stones; a kobold corpse An endoplasm comes into view.
The jelly jiggles.
The jelly attacks as you move away! The jelly closely misses you.
There is an open door here.
The jelly attacks as you move away! The jelly barely misses you.
Casting: Foxfire (safe; 19% risk of failure)
Press: ? - help, Q - select action Dir - look around, f - activate You miscast Foxfire.
You are very lightly contaminated with residual magic.
Nothing appears to happen.
The jelly hits you.
You are splashed with acid!
* * * LOW HITPOINT WARNING * * *
You are confused.
You feel invigorated. The jelly hits you.
* * * LOW HITPOINT WARNING * * *
You are splashed with acid.
You die...

.....###)')###............
#...# ##)))#####..#.#.#.#.
##.. ##.....## #.##.......
## #.......# #.####.#.#.
#.......# #.# #.....
#.......# #.# #####.
#.......# #.# #. ####.(..#
#.# ## ##JJJ@...# #.#
#.######## #.# ##..J)J.#
#.# #######J# #.## #.#
÷.##..######## #.#
P.###......... #.# J.#
########## #.####### ÷.#
#.......# ..#


You could see a jelly and 2 endoplasms.

Vanquished Creatures
  Robin (D:3)
  2 adders (D:2)
  2 dart slugs (D:1)
  An orc (D:3)
  7 endoplasms
  3 giant cockroaches
  11 goblins
  6 hobgoblins
  2 quokkas (D:1)
  3 ball pythons
  4 bats
  3 frilled lizards (D:3)
  12 kobolds
  6 rats
63 creatures vanquished.

Vanquished Creatures (others)
  97 foxfires
  5 fungi (D:3)
  6 toadstools (D:3)
108 creatures vanquished.

Grand Total: 171 creatures vanquished

Notes
Turn   | Place    | Note
-------+----------+-------------------------------------------
     0 | D:1      | IdlyInterested the Demonspawn Wanderer began the quest for
                  | the Orb.
     0 | D:1      | IdlyInterested set off with the following items: a +0 short
                  | sword, a +0 ring mail, a potion of attraction; and the
                  | following spell memorised: Foxfire; and the following
                  | spells available to memorise: Scorch, Kindle Blastsparks.
     0 | D:1      | Reached XP level 1. HP: 15/15 MP: 3/3
   226 | D:1      | Gained mutation: You regenerate a little health from kills.
                  | [demonic ancestry]
   226 | D:1      | Reached XP level 2. HP: 19/21 MP: 0/5
   317 | D:1      | Reached skill level 3 in Fire Magic
   597 | D:1      | Reached skill level 1 in Stealth
   600 | D:1      | Found a faded altar of an unknown god.
   701 | D:1      | Reached XP level 3. HP: 24/27 MP: 6/6
   763 | D:1      | Reached skill level 1 in Conjurations
  1738 | D:3      | Found an ancient bone altar of Kikubaaqudgha.
  1749 | D:3      | Noticed Robin
  1758 | D:3      | Reached XP level 4. HP: 34/34 MP: 2/7
  1773 | D:3      | Killed Robin
  1917 | D:3      | Gained mutation: You are vulnerable to heat. (rF-) [potion
                  | of mutation]
  1917 | D:3      | Gained mutation: You have hidden genetic potential. [potion
                  | of mutation]
  1917 | D:3      | Gained mutation: You are frail. (-10% HP) [potion of
                  | mutation]
  1917 | D:3      | Gained mutation: Your flesh is cold resistant. (rC+)
                  | [potion of mutation]
  2325 | D:3      | Splashed by a jelly's acid

Illustrated notes

Levels and vault maps discovered:
D:1:      saegor_arrival_under_anarchy, layout_loops_cross,
          ebering_ecumenical_altar_webs
D:2:      layout_rooms
D:3:      cheibrodos_fertilizer, layout_loops_corners,
          kiku_gazebo_garden_becter, serial_shops, shop_statue,
          serial_co_window_serial, co_window_paths_b, co_window_corner_a,
          co_window_paths_a, co_window_cross_1, co_window_of_opportunity_a,
          co_window_paths_a, co_window_paths_a, co_window_paths_c,
          co_window_broadway_b, co_window_corner_ca, co_window_unsneaky_path_b,
          glass_columns_a, glass_columns_a, glass_columns_a, glass_columns_b,
          glass_columns_a, uniq_jessica, uniq_robin

Skill      XL: |  1  2  3  4 |
---------------+-------------+-----
Fire Magic     | 3 |  3.0
Fighting       | 2 |  2.8
Stealth        | 1 |  1.6
Conjurations   | 1 2 |  2.1
Short Blades   | |  2.6
Armour         | |  1.0
Spellcasting   | |  2.0

Action                   |  1- 3 |  4- 6 || total
-------------------------+-------+-------++-------
Melee: Short sword       |    78 |    36 ||   114
 Cast: Foxfire           |    41 |    18 ||    59
  Use: Scroll            |     4 |     2 ||     6
       Potion            |       |     3 ||     3
Armor: Ring mail         |    22 |    30 ||    52
Dodge: Dodged            |    53 |    33 ||    86

Table legend: (Time is in decaauts)
 A = Elapsed time spent in this place.
 B = Non-inter-level travel time spent in this place.
 C = Inter-level travel time spent in this place.
 D = Time resting spent in this place.
 E = Time spent auto-exploring this place.
 F = Levels seen in this place.
 G = Mean time per level.
                   A        B        C        D        E       F      G
               +--------+--------+--------+--------+--------+-----+--------+
         Total |   2310 |   2089 |    221 |    420 |   1125 |   3 |  770.0 |
       Dungeon |   2310 |   2089 |    221 |    420 |   1125 |   3 |  770.0 |
               +--------+--------+--------+--------+--------+-----+--------+

Top non-repeatable levels by time:
     D:1: 1153 daAuts
     D:2: 610 daAuts
     D:3: 546 daAuts
